 Dungeon Crawl Stone Soup version 0.31-a0-692-gf03d1854d5 (webtiles) character file.

Game seed: 12392447468694943596

743 qw the Skirmisher (level 7, -2/44 HPs)
             Began as a Gargoyle Hunter on Sept 6, 2023.
             Was an Initiate of Okawaru.
             Slain by Prince Ribbit (7 damage)
             ... on level 6 of the Dungeon.
             The game lasted 00:01:30 (3763 turns).

qw the Skirmisher (Gargoyle Hunter)                 Turns: 3763, Time: 00:01:31

Health: -2/44      AC: 10    Str: 14    XL:     7   Next: 76%
Magic:  7/7        EV: 11    Int: 10    God:    Okawaru [......]
Gold:   301        SH:  0    Dex: 15    Spells: 6/6 levels left

rFire   . . .        Y - +0 orcbow
rCold   . . .        (shield currently unavailable)
rNeg    + . .        d - +0 ring mail
rPois   inf          (no helmet)
rElec   +            (no cloak)
rCorr   .            (no gloves)
SInv    .            (no boots)
Will    .....        (no amulet)
Stlth   +            (no ring)
HPRegen 0.27/turn    (no ring)
MPRegen 0.10/turn

%: no passive effects
@: no status effects
A: sickness immunity, AC +4, negative energy resistance 1, electricity
resistance, torment resistance 1, petrification resistance, hooves 1, high MP 1,
no potion heal 1
a: Renounce Religion


You were on level 6 of the Dungeon.
You worshipped Okawaru.
Okawaru was noncommittal.
You visited 2 branches of the dungeon, and saw 7 of its levels.

You collected 301 gold pieces.


Innate Abilities, Weirdness & Mutations

You are immune to sickness and miasma.
Your stone body is resilient. (AC +4)
You are immune to poison.
You resist negative energy. (rN+)
You are resistant to electric shocks. (rElec)
You are resistant to unholy torment.
You are immune to petrification.
You have large cloven feet.
You have an increased reservoir of magic. (+10% MP)
Potions are less effective at restoring your health.


   Skills:
 - Level 5.0 Fighting
 + Level 8.0 Ranged Weapons
 - Level 1.0 Armour
 - Level 2.0 Dodging
 - Level 1.1 Stealth


You had 6 spell levels left.
You didn't know any spells.
Your spell library was empty.

Inventory:

Hand Weapons
 Y - a +0 orcbow (weapon)
Armour
 d - a +0 ring mail (worn)
Scrolls
 a - 3 scrolls of teleportation
 c - a scroll of fear {unknown}
 i - a scroll of identify
Potions
 b - a potion of resistance {unknown}
 e - 2 potions of might
 f - a potion of haste
 h - a potion of brilliance {unknown}
 j - 2 potions of curing

Dungeon Overview and Level Annotations

Branches:
Dungeon (6/15)             Temple (1/1) D:6

Altars:
Cheibriados
Dithmenos
Elyvilon
Fedhas
Gozag
Hepliaklqana
Makhleb
Nemelex Xobeh
Okawaru
Ru
Sif Muna
Trog
Uskayaw
Vehumet
Xom
Yredelemnul
Zin
The Shining One

Annotations:
D:6 Prince Ribbit


Message History

There is an open door here.
There is an open door here.
There is a staircase back to the Dungeon here.
You climb upwards.
Welcome back to the Dungeon!
There is a staircase to the Ecumenical Temple here.
Found a trident.
c - a scroll labelled ITITSA BUAGUOP You see here a +0 trident.
Found 2 javelins.
Found a dagger.
Found 3 stones.
You now have 301 gold pieces (gained 14).
Found a chain mail.
Prince Ribbit comes into view.
You shoot an arrow. The arrow closely misses Prince Ribbit.
You shoot an arrow. The arrow hits Prince Ribbit.
Prince Ribbit is lightly wounded.
You shoot an arrow. The arrow hits Prince Ribbit.
Prince Ribbit is lightly wounded.
Prince Ribbit hits you. x2
You shoot an arrow. The arrow hits Prince Ribbit.
Prince Ribbit is moderately wounded.
Prince Ribbit hits you.
You shoot an arrow.
The arrow hits Prince Ribbit but does no damage.
Prince Ribbit is moderately wounded.
Prince Ribbit hits you. x2
You shoot an arrow. The arrow closely misses Prince Ribbit.
Prince Ribbit barely misses you. x2
You shoot an arrow. The arrow barely misses Prince Ribbit.
Prince Ribbit hits you. Prince Ribbit hits you!
You shoot an arrow.
The arrow hits Prince Ribbit but does no damage.
Prince Ribbit is moderately wounded.
Prince Ribbit hits you.
You shoot an arrow. The arrow closely misses Prince Ribbit.
Prince Ribbit misses you. Prince Ribbit closely misses you.
You shoot an arrow. The arrow barely misses Prince Ribbit.
Prince Ribbit hits you! x2
You die...

.. .# [# #.# .# ...
##.# #.##.# ##########
#..# #.##.#
#........######F#
#.##.#
#.####.........@#
#.##.#
#............#..#
#.##.# #.
#...#..8..#..#..#
##.##.# #.
##..##.(.##..#..#
##.#.#.# #.
#..#######..#..#
##.###..# #.
#..##.()##..#..####.##
##.## #.
#..#..8..#..#......##
##.# #.
#...........##.####.##
##.## #.
##...#########.#
##.###.#####.


You could see Prince Ribbit.

Vanquished Creatures
  Menkaure (D:4)
  A sky beast (D:6)
  2 ogres
  A centaur (D:5)
  A jelly (D:2)
  An orc priest (D:4)
  2 hounds
  A sleepcap (D:5)
  4 adders
  A dart slug (D:3)
  7 orcs
  7 bats
  9 endoplasms
  4 giant cockroaches
  5 hobgoblins
  9 jackals
  11 kobolds
  5 quokkas
  7 ball pythons
  5 frilled lizards
  10 goblins
  6 rats
100 creatures vanquished.

Notes
Turn   | Place    | Note
-------+----------+-------------------------------------------
     0 | D:1      | qw the Gargoyle Hunter began the quest for the Orb.
     0 | D:1      | Reached XP level 1. HP: 12/12 MP: 1/1
     0 | D:1      | 0 ||| qw: Version: 0.3-a-76-g4403597
     0 | D:1      | 0 ||| qw: Game counter: 273
     0 | D:1      | 0 ||| qw: Melee chars always use a shield: true
     0 | D:1      | 0 ||| qw: God list: Okawaru
     0 | D:1      | 0 ||| qw: Allow faded altars: false
     0 | D:1      | 0 ||| qw: Do Orc after clearing Dungeon:15 true
     0 | D:1      | 0 ||| qw: Do second Lair branch before Depths: true
     0 | D:1      | 0 ||| qw: Lair rune preference: random
     0 | D:1      | 0 ||| qw: Goals: Normal
     0 | D:1      | 0 ||| PLANNING D:1-11
    83 | D:1      | Reached XP level 2. HP: 17/17 MP: 2/2
   444 | D:1      | Reached XP level 3. HP: 21/21 MP: 3/3
   465 | D:1      | Reached skill level 5 in Ranged Weapons
   638 | D:1      | 638 ||| READING 2 scrolls labelled SYGITSE HEMU.
   641 | D:1      | 641 ||| READING scroll labelled JUG YWNIEWKY.
   642 | D:1      | 642 ||| READING scroll labelled SAGAG EDAT.
   743 | D:1      | 743 ||| DRINKING 2 fizzy coppery potions.
   848 | D:1      | 848 ||| DROPPING scroll of butterflies.
   849 | D:1      | 849 ||| DROPPING potion of berserk rage.
  1051 | D:2      | Reached skill level 3 in Fighting
  1051 | D:2      | Reached XP level 4. HP: 28/28 MP: 4/4
  1056 | D:2      | 1056 ||| DRINKING 2 fuming dark potions.
  1496 | D:2      | 1496 ||| UPGRADING to +0 ring mail.
  1506 | D:2      | 1506 ||| DROPPING +0 leather armour.
  1507 | D:2      | 1507 ||| DRINKING 2 coppery potions.
  1508 | D:2      | 1508 ||| DRINKING 2 clear potions.
  1509 | D:2      | 1509 ||| DROPPING potion of lignification.
  1510 | D:2      | 1510 ||| DROPPING potion of attraction.
  1584 | D:3      | Reached skill level 1 in Armour
  1667 | D:3      | Identified the +8 sling of the Changing Rat {antimagic, Fly
                  | Int+3}
  1669 | D:3      | 1669 ||| SWAPPING to +8 sling of the Changing Rat
                  | {antimagic, Fly Int+3}.
  1670 | D:3      | 1670 ||| DROPPING +0 shortbow.
  1858 | D:3      | Found a faded altar of an unknown god.
  1971 | D:3      | Reached XP level 5. HP: 32/32 MP: 1/5
  2121 | D:3      | 2121 ||| READING scroll labelled DEOFFA DUANUHU.
  2122 | D:3      | 2122 ||| READING scroll labelled XERGHO SU QIT.
  2123 | D:3      | 2123 ||| READING scroll labelled AMMUEGAEPT.
  2124 | D:3      | 2124 ||| DRINKING 2 viscous emerald potions.
  2175 | D:4      | Noticed an ogre
  2184 | D:4      | Killed an ogre
  2185 | D:4      | Reached skill level 6 in Ranged Weapons
  2428 | D:4      | Reached XP level 6. HP: 38/38 MP: 2/6
  2501 | D:4      | Noticed Menkaure
  2504 | D:4      | Killed Menkaure
  2511 | D:4      | Reached skill level 7 in Ranged Weapons
  2813 | D:4      | 2813 ||| READING scroll labelled OCVESCH ENNIEHIL.
  2814 | D:4      | 2814 ||| READING 3 scrolls labelled KUSTRA WEOPTO.
  2815 | D:4      | 2815 ||| DRINKING 2 murky white potions.
  2815 | D:4      | Gained mutation: You sometimes lose your temper in combat.
                  | [potion of mutation]
  2815 | D:4      | Gained mutation: You have hidden genetic potential. [potion
                  | of mutation]
  2816 | D:4      | 2816 ||| DRINKING potion of mutation.
  2816 | D:4      | Lost mutation: You have hidden genetic potential. [potion
                  | of mutation]
  2816 | D:4      | Lost mutation: You sometimes lose your temper in combat.
                  | [potion of mutation]
  2816 | D:4      | Gained mutation: You have large cloven feet. [potion of
                  | mutation]
  2816 | D:4      | Gained mutation: Potions are less effective at restoring
                  | your health. [potion of mutation]
  2816 | D:4      | Gained mutation: You have an increased reservoir of magic.
                  | (+10% MP) [potion of mutation]
  2817 | D:4      | 2817 ||| DROPPING 2 scrolls of blinking.
  2824 | D:5      | Entered Level 5 of the Dungeon
  2898 | D:5      | Reached XP level 7. HP: 43/43 MP: 2/7
  2906 | D:5      | HP: 9/43 [centaur/+0 mace (6)]
  2907 | D:5      | 2907 ||| READING 2 scrolls of teleportation.
  2908 | D:5      | HP: 3/43 [orc/+0 hand axe (5)]
  3011 | D:5      | 3011 ||| FLEEEEING.
  3012 | D:5      | 3012 ||| FLEEEEING.
  3093 | D:5      | 3093 ||| SWAPPING to +0 orcbow.
  3094 | D:5      | 3094 ||| DROPPING +8 sling of the Changing Rat {antimagic,
                  | Fly Int+3}.
  3220 | D:5      | Reached skill level 8 in Ranged Weapons
  3439 | D:5      | 3439 ||| READING scroll labelled LIAXKI YBITTE.
  3440 | D:5      | 3440 ||| READING scroll labelled WYNNYPPOATSA.
  3441 | D:5      | 3441 ||| DRINKING 2 blue potions.
  3573 | D:6      | Found a staircase to the Ecumenical Temple.
  3575 | D:6      | 3575 ||| PLANNING TEMPLE
  3575 | D:6      | 3575 ||| DROPPING scarf of invisibility.
  3589 | Temple   | Entered the Ecumenical Temple
  3590 | Temple   | 3590 ||| PLANNING OKAWARU WORSHIP
  3641 | Temple   | Became a worshipper of Warmaster Okawaru
  3642 | Temple   | 3642 ||| PLANNING D:1-11
  3753 | D:6      | Noticed Prince Ribbit
  3763 | D:6      | HP: 5/44 [Prince Ribbit (11)]
  3763 | D:6      | Slain by Prince Ribbit

Levels and vault maps discovered:
D:1:      dpeg_arrival_rooms_c, layout_basic, minmay_heptomino_h4
D:2:      layout_basic, minmay_surrounded
D:3:      layout_loops_ring, shapermc_ecumenical_altar_venn, st_stairs_1
D:4:      layout_basic, uniq_menkaure
D:5:      layout_basic, chequers_serial_rivers_micro_d
D:6:      layout_loops_ring, minmay_temple_entry_glass, mrwooster_statue_mirror,
          uniq_blork_the_orc, uniq_prince_ribbit1
Temple:   dpeg_five_rooms_temple

Skill      XL: |  1  2  3  4  5  6  7 |
---------------+----------------------+-----
Ranged Weapons | 5 6 7 8 |  8.0
Fighting       | 3 4 5 |  5.0
Armour         | 1 |  1.0
Dodging        | 2 |  2.0
Stealth        | |  1.1

Action                     |  1- 3 |  4- 6 |  7- 9 || total
---------------------------+-------+-------+-------++-------
   Fire: Shortbow          |   116 |    73 |       ||   189
         Sling             |       |    69 |    15 ||    84
         Orcbow            |       |       |    44 ||    44
    Use: Scroll            |     3 |     5 |     3 ||    11
         Potion            |     1 |     6 |     1 ||     8
 Armour: Leather armour    |    22 |    25 |       ||    47
         Ring mail         |       |    21 |    41 ||    62
  Dodge: Dodged            |    28 |    52 |    11 ||    91

Table legend:
 A = Non-vault XP
 B = Vault XP
 C = Vault XP percentage of total XP
 D = Non-vault monster count
 E = Vault monster count
 F = Vault count percentage of total count
                 A         B        C        D         E       F
            +---------+---------+-------+---------+---------+-------
      Total |     837 |     225 |  21.2 |      90 |      10 |  10.0
            +---------+---------+-------+---------+---------+-------
        D:1 |      46 |       4 |   8.0 |      27 |       3 |  10.0
        D:2 |      33 |      48 |  59.3 |      19 |       4 |  17.4
        D:3 |      36 |       4 |  10.0 |      14 |       2 |  12.5
        D:4 |     247 |     169 |  40.6 |      19 |       1 |   5.0
        D:5 |     289 |       0 |   0.0 |       8 |       0 |   0.0
        D:6 |     186 |       0 |   0.0 |       3 |       0 |   0.0
            +---------+---------+-------+---------+---------+-------
